 Dungeon Crawl Stone Soup version 0.23.2-33-g5129a83184 (webtiles) character file.

Game seed: 12333751158492589598

25 KrzeK the Insei (level 3, 0/26 HPs)
             Began as a Merfolk Transmuter on Aug 3, 2019.
             Slain by a giant cockroach (2 damage)
             ... on level 1 of the Dungeon.
             The game lasted 00:08:29 (724 turns).

KrzeK the Insei (Merfolk Transmuter)                 Turns: 724, Time: 00:08:29

Health: 0/26       AC:  2    Str: 10    XL:     3   Next: 6%
Magic:  6/6        EV: 13    Int: 12    God:
Gold:   24         SH:  0    Dex: 15    Spells: 5/6 levels left

rFire    . . .     SeeInvis .   h - +0 dagger
rCold    . . .     Gourm    .   (no shield)
rNeg     . . .     Faith    .   b - +0 robe
rPois    .         Spirit   .   (no helmet)
rElec    .         Reflect  .   (no cloak)
rCorr    .         Harm     .   (no gloves)
MR       .....                  (no boots)
Stlth    +.........             (no amulet)
HPRegen  0.08/turn              (no ring)
MPRegen  0.10/turn              (no ring)

@: no status effects
A: change form in water, swift swim, stealthy swim
a: no special abilities


You were on level 1 of the Dungeon.
You were not hungry.

You visited 1 branch of the dungeon, and saw 1 of its levels.

You collected 24 gold pieces.

Inventory:

Hand Weapons
 f - a +0 club
 h - a +0 dagger (weapon)
Missiles
 a - 50 arrows
 e - 42 stones (quivered)
Armour
 b - a +0 robe (worn)
 c - a +0 pair of boots
Scrolls
 j - a scroll of immolation {unknown}
 m - a scroll of fear {unknown}
Potions
 g - a potion of cancellation {unknown}
 i - a potion of might {unknown}
 k - a potion of heal wounds {unknown}
 l - a potion of curing {unknown}
Comestibles
 d - 4 rations


   Skills:
 + Level 1.2 Fighting
 + Level 0.1 Short Blades
 + Level 0.1 Maces & Flails
 + Level 3.1 Dodging
 + Level 4.0 Unarmed Combat
 + Level 2.1 Spellcasting
 + Level 3.0 Transmutations


You had 5 spell levels left.
You knew the following spells:

 Your Spells              Type           Power        Failure   Level  Hunger
a - Beastly Appendage     Tmut           #.....       8%          1    ##.....

Your spell library contained the following spells:

 Spells                   Type           Power        Failure   Level  Hunger
 Sticks to Snakes         Tmut           #.......     12%         2    ###....
 Spider Form              Tmut/Pois      #.........   41%         3    ####...
 Ice Form                 Ice/Tmut       #.......     82%         4    #####..
 Blade Hands              Tmut           #.........   91%         5    ######.


Dungeon Overview and Level Annotations

Branches:
Dungeon (1/15)

Altars:


Message History

You closely miss the giant cockroach.
The giant cockroach is heavily wounded.
The giant cockroach bites you.
* * * LOW HITPOINT WARNING * * *
The giant cockroach closely misses you.
You hit the giant cockroach.
The giant cockroach is severely wounded.
The giant cockroach bites you.
* * * LOW HITPOINT WARNING * * *
You hit the giant cockroach but do no damage.
The giant cockroach is severely wounded.
The giant cockroach closely misses you.
You barely miss the giant cockroach.
The giant cockroach is severely wounded.
The giant cockroach barely misses you.
A dart slug comes into view.
You closely miss the giant cockroach.
The giant cockroach is severely wounded.
The giant cockroach bites you.
You die...

#.#######.#
.........#
....#####.## ##
#...# #.#.# #.#
..#.####g#.#.# #.##
#.......# #.#.#
#.#.# #.#.####.
#.#.#.#.## #.#.#
#.#.#.#.# .....
.#s#@#.### #.#.##
#.#s#.#..# ..#.#
#.#h#.#.#.# ### #
#.#h#.#.#..#
#.#g#b#.#.#.#
#.#.#.#.#.#..#
..#.#.#.#.#.#.#
..w...######..#####
####. #...........


You could see a dart slug, 2 jackals, a giant cockroach and a hobgoblin.

Vanquished Creatures
  2 dart slugs (D:1)
  A leopard gecko (D:1)
  6 bats (D:1)
  A giant cockroach (D:1)
  3 goblins (D:1)
  2 hobgoblins (D:1)
  2 frilled lizards (D:1)
  2 rats (D:1)
19 creatures vanquished.

Notes
Turn   | Place    | Note
-------+----------+-------------------------------------------
     0 | D:1      | KrzeK the Merfolk Transmuter began the quest for the Orb.
     0 | D:1      | Reached XP level 1. HP: 15/15 MP: 3/3
   208 | D:1      | Reached XP level 2. HP: 17/21 MP: 5/5
   551 | D:1      | Reached skill level 4 in Unarmed Combat
   624 | D:1      | Reached XP level 3. HP: 15/26 MP: 6/6
   724 | D:1      | Slain by a giant cockroach

Skill      XL: |  1  2 |
---------------+-------+-----
Dodging        | 3 |  3.1
Unarmed Combat | 4 |  4.0
Transmutations | 3 |  3.0
Fighting       | |  1.2
Short Blades   | |  0.1
Maces & Flails | |  0.1
Spellcasting   | |  2.1

Action                   || total
-------------------------++-------
Melee: Unarmed           ||    30
       Dagger            ||    84
       Club              ||     7
Armor: Robe              ||    42
Dodge: Dodged            ||   170
